[Event "Grand Masters 2023"]
[Site "Chess.com"]
[Date "2023.12.18"]
[Round "4"]
[White "Gukesh, D."]
[Black "Predke, Alexandr"]
[Result "1-0"]
[WhiteElo "2720"]
[BlackElo "2689"]
[ECO "B30"]
[EventDate "2023.??.??"]
[Annotator "rafael"]
[PlyCount "87"]
[Beauty "7425327366164"]
[EventType "team-tourn"]
[EventCountry "IND"]
[TimeControl "40/5400+30:1800+30"]

1.e4 c5 2.Nf3 Nc6 3.Bb5 e5 4.O-O Be7 $5 {[%c_effect e7;square;e7;type;Interesting;persistent;true] A rare idea in a well-known position.} 5.Re1 ( 5.Bxc6 {This is a critical move. After} 5...dxc6 6.Nxe5 Qd4 7.Nf3 Qxe4 8.Re1 Qg6 9.Ne5 {White scored three wins in three correspondence games, not a bad feat.} ) 5...Nd4 {Already a new move. A novelty on the fifth move of such a mainstream opening as the Rossolimo is an impressive accomplishment.} 6.Nxd4 $6 {[%c_effect d4;square;d4;type;Inaccuracy;persistent;true] This is not the best way to fight for the advantage.} ( 6.Bf1 {Is not very dangerous either:} 6...Nxf3+ 7.Qxf3 Nf6 8.Nc3 O-O {with equality.} ) ( 6.Bc4 $1 {[%c_effect c4;square;c4;type;GreatFind;persistent;true] is the best chance. After} 6...Nxf3+ 7.Qxf3 Nf6 8.Nc3 O-O 9.d3 {White can fight for the initiative, although the weakness of the d5-square is not as worrying as it was thought in the pre-Sveshnikov era.} ) 6...cxd4 7.c3 Nf6 $1 {[%c_effect f6;square;f6;type;GreatFind;persistent;true] This is Black's excellent idea: to play with doubled pawns and follow up with the …d7-d5 advance. I imagine this was well-studied beforehand by Predke, since at first glance it seems positionally dangerous for Black.} 8.cxd4 exd4 9.d3 O-O 10.Nd2 d5 $1 11.e5 Nd7 12.Nf3 Qb6 {The black pieces have good potential and the bishop on b5 is in an uncomfortable situation, all of which compensates for the doubled pawns. Black can even sacrifice one of these pawns, as we will see.} 13.Ba4 ( 13.a4 $1 {[%c_effect a4;square;a4;type;GreatFind;persistent;true] is a better move. After} 13...a6 14.Bxd7 Bxd7 15.a5 Qb4 $1 ( 15...Qa7 $6 16.Qb3 {with the advantage for White.} ) 16.Bd2 Qb5 17.Nxd4 Qxd3 18.Bc3 Qxd1 19.Raxd1 Rac8 {Black is close to equality.} ) 13...Nc5 14.Bc2 {The white bishop is horrible on this square, but he will still have his redemption in this game.} 14...Bg4 ( 14...Ne6 {is also perfectly playable and Black is fine.} ) 15.h3 Bh5 16.g4 {White can´t live with the pin on the f3-knight.} 16...Bg6 17.Nxd4 Ne6 $1 {[%c_effect e6;square;e6;type;GreatFind;persistent;true] This move is the justification for the pawn sacrifice.} ( 17...Nxd3 $2 {[%c_effect d3;square;d3;type;Mistake;persistent;true] loses a pawn without any counterplay after} 18.Bxd3 Qxd4 19.Bxg6 Qxd1 20.Bxh7+ Kxh7 21.Rxd1 ) 18.Nf3 $6 {[%c_effect f3;square;f3;type;Inaccuracy;persistent;true] White's position starts to become dangerous after this move.} ( 18.Nxe6 {is also good for Black:} 18...fxe6 19.Be3 Qxb2 20.Rb1 Qxe5 ) ( 18.Nf5 {is a better alternative, keeping the game balanced.} 18...Bc5 ( 18...Bxf5 {is also possible:} 19.gxf5 Nd4 20.Be3 Bc5 {with equality.} ) 19.Be3 {with an even game.} ( 19.d4 {is also playable.} 19...Nxd4 20.Nxd4 Bxd4 21.Be3 Bxe3 22.Rxe3 Qxb2 23.Bxg6 hxg6 24.a4 {White's compensation should be enough for a draw.} ) ) 18...Rac8 {Black has two tempting alternatives.} ( 18...Bc5 19.Be3 ( 19.d4 Bxc2 20.Qxc2 Bxd4 {with a slight advantage.} ) ( 19.Re2 $6 f5 $1 {[%c_effect f5;square;f5;type;GreatFind;persistent;true] This thematic push gives Black the initiative.} ) 19...Bxe3 20.Rxe3 d4 21.Re1 Qxb2 {Black regains the pawn and has a comfortable position.} ) ( 18...f5 $5 {[%c_effect f5;square;f5;type;Interesting;persistent;true] is also very interesting:} 19.exf6 Bxf6 {with excellent compensation.} ) 19.Bb3 Qb5 {This is an inaccuracy. Black has several interesting alternatives, all of which offers compensation for the pawn.} ( 19...Rfd8 ) ( 19...Bc5 ) ( 19...Qa6 ) 20.d4 Bb4 {I'm also not a big fan of this move.} ( 20...Be4 {This seems to me to be the natural continuation.} 21.Be3 f5 $1 22.exf6 Bxf6 {with an unclear game.} ) ( 20...Rc7 {is another possible plan, doubling on the c-file, but it seems a bit slow.} ) 21.Re3 ( 21.Bd2 Be4 $1 {[%c_effect e4;square;e4;type;GreatFind;persistent;true] The d4-pawn becomes weak after the exchange of dark-squared bishops.} ) 21...Nf4 $2 ( 21...Be4 {is the best continuation.} 22.Nh4 $1 {[%c_effect h4;square;h4;type;GreatFind;persistent;true] This difficult move is White's best; we will see this idea later in the game as well.} 22...Qb6 23.Nf5 g6 24.Ng3 Nxd4 25.Nxe4 dxe4 26.Rxe4 Bc5 27.Be3 Nxb3 28.Qxb3 Qxb3 29.axb3 Bxe3 30.Rxe3 a6 {White is a pawn up, but Black has good drawing chances.} ) 22.Bd2 $6 {[%c_effect d2;square;d2;type;Inaccuracy;persistent;true] This is enough for an advantage, but not the best.} ( 22.Kh2 {is fine, but there's an even better move.} ) ( 22.Nh4 $1 {[%c_effect h4;square;h4;type;GreatFind;persistent;true] This is the best. White defends the pawn on h3 and prepares to land the knight on f5. After} 22...Bd3 23.Bd2 {Black has no compensation and the computer already considers white's position winning.} ) 22...Nxh3+ 23.Kg2 Nf4+ 24.Kg3 Ne6 ( 24...Bxd2 $1 {[%c_effect d2;square;d2;type;GreatFind;persistent;true] is more precise:} 25.Qxd2 Ne6 26.Nh4 $1 {[%c_effect h4;square;h4;type;GreatFind;persistent;true] with the initiative for White.} ) 25.a4 ( 25.Bxb4 {immediately is also possible.} 25...Qxb4 26.Bxd5 ) 25...Qa5 26.Bxb4 Qxb4 27.Bxd5 Rc2 $6 {[%c_effect c2;square;c2;type;Inaccuracy;persistent;true] This move allows White to stabilize the bishop.} ( 27...Qxb2 {is not so good:} 28.Rb3 Qc2 29.Qxc2 Bxc2 30.Rxb7 {with a clear advantage.} ) ( 27...Rfd8 $1 {[%c_effect d8;square;d8;type;GreatFind;persistent;true] is the best chance.} 28.Rb3 Qf8 $1 29.Bxe6 fxe6 {The light-squares offers Black some compensation.} ) 28.b3 Rd8 29.Bc4 $1 Nxd4 {A tactical attempt to recover material, but it doesn't work.} 30.Nxd4 Rd2 31.Qe1 R8xd4 32.e6 {This natural move is practically irresistible, but one thing I learned from analyzing with the computer is not to underestimate the power of candidate moves.} ( 32.f4 $2 {[%c_effect f4;square;f4;type;Mistake;persistent;true] is too slow:} 32...Bd3 $1 ) ( 32.Rd1 $2 {[%c_effect d1;square;d1;type;Mistake;persistent;true] looks natural as well, but there's a fantastic refutation:} 32...Qxc4 $3 33.bxc4 Rxd1 34.Qb4 Rg1+ {Black suddenly has counterplay enough to equalize the game.} ) ( 32.Ra2 $1 {[%c_effect a2;square;a2;type;GreatFind;persistent;true] is a brilliant move and the most accurate way of winning.} 32...a5 33.e6 fxe6 34.Rxd2 Qxd2 35.Bxe6+ Kh8 ( 35...Kf8 36.Rf3+ Ke7 37.Qe5 $1 {[%c_effect e5;square;e5;type;GreatFind;persistent;true] with a decisive attack.} ) 36.Rf3 h5 37.Qxd2 Rxd2 38.gxh5 Bxh5 39.Rf5 {the a5-pawn falls and White has an easily winning endgame.} ) 32...Qd6+ ( 32...fxe6 33.Rxe6 Kf8 {Here White wins with:} 34.Qe5 $1 {[%c_effect e5;square;e5;type;GreatFind;persistent;true] with a decisive attack.} ) ( 32...Rxc4 $1 {[%c_effect c4;square;c4;type;GreatFind;persistent;true] is the best chance:} 33.bxc4 Qd6+ 34.f4 fxe6 35.Rxe6 Rd3+ 36.Re3 h5 {The game keeps going, but White should win with careful play.} ) 33.Kh3 h5 ( 33...fxe6 {is the last chance:} 34.Rxe6 R2d3+ 35.Bxd3 Rxd3+ 36.Kg2 ( 36.Re3 {is also possible.} ) 36...Qf4 37.Qe2 $1 {[%c_effect e2;square;e2;type;GreatFind;persistent;true] with a winning position.} ) 34.e7 $1 {[%c_effect e7;square;e7;type;GreatFind;persistent;true] White promotes another queen and black's attack is not fast enough.} 34...Rxg4 35.e8=Q+ Kh7 36.Bxf7 Qf6 37.Bxg6+ Kh6 38.Qh8+ Kxg6 39.Re6 Rh4+ 40.Kg2 Rg4+ 41.Kf1 Rxf2+ 42.Qxf2 Qxe6 43.Re1 Qa6+ 44.Re2 1-0

[Event "Survival"]
[Site "Chess.com"]
[Date "2023.12.12"]
[Round "2"]
[White "Caruana, Fabiano"]
[Black "Abdusattorov, Nodirbek"]
[Result "1-0"]
[WhiteElo "2762"]
[BlackElo "2727"]
[ECO "C95"]
[EventDate "2023.??.??"]
[Annotator "rafael"]
[PlyCount "123"]
[Beauty "6257633132551"]
[EventType "game"]
[EventCountry "GER"]
[TimeControl "900+3"]

1.e4 e5 2.Nf3 Nc6 3.Bb5 a6 4.Ba4 Nf6 5.O-O Be7 6.Re1 b5 7.Bb3 d6 8.c3 O-O 9.h3 Nb8 {The good old Breyer Variation of the Ruy Lopez remains popular to this day. At one point it was one of Magnus Carlsen's favorite defenses.} 10.d4 Nbd7 11.Nbd2 Bb7 12.Bc2 Re8 13.Nf1 Bf8 14.Ng3 a5 {A very rare plan. The overwhelming majority of games continue with 14...g6. Black advances the pawn to a4, gaining some space and preventing White from playing the typical a2-a4.} ( 14...g6 ) 15.Bd2 a4 16.Bd3 c6 17.Qc2 Qb6 18.Be3 Qa5 19.Bd2 ( 19.Bf1 {was played in a GM game in classical time control this year. White was slightly better after} 19...Qc7 20.Rad1 h6 21.b4 axb3 22.axb3 {Ivic-Demchenko, Ankara 2023.} ) 19...Qb6 20.Rad1 {This natural move is a novelty, but now Black is able to solve the opening problems.} 20...c5 $1 21.dxe5 {It's always a difficult decision for White in the Ruy Lopez, whether to play d5 or to take the e5-pawn.} ( 21.d5 c4 22.Bf1 Nc5 {with an equal position.} ) 21...Nxe5 ( 21...dxe5 {It's also possible to capture with the pawn, since the knight is ready to go to d4.} 22.c4 b4 23.Nf5 Nb8 $1 24.Ne3 Qd6 25.Nd5 Nc6 {with a balanced position.} ) 22.Nxe5 dxe5 23.c4 b4 24.Nf5 Qc6 {A good move to prevent Ne3.} 25.Bg5 ( 25.Ne3 $2 Nxe4 ) ( 25.f3 {is possible so that the knight can go to d5.} ) 25...Nh5 $1 26.g3 $6 ( 26.f3 {is again possible.} ) 26...Qg6 $6 {[%c_effect g6;square;g6;type;Inaccuracy;persistent;true] The queen is not well-placed here.} ( 26...g6 $1 {[%c_effect g6;square;g6;type;GreatFind;persistent;true] is the best move, exploiting the position of the bishop on g5.} 27.Be2 ( 27.Ne3 $2 h6 {and the bishop is trapped.} ) ( 27.Nh6+ $6 Bxh6 28.Bxh6 Ng7 29.Bxg7 Kxg7 {with a clear positional advantage for Black.} ) ( 27.Qe2 Nf4 $5 28.gxf4 gxf5 {with good counterplay.} ) 27...Nf4 $5 ( 27...gxf5 28.Bxh5 fxe4 29.Rd5 Qe6 30.Qxe4 {leads to an unclear position.} ) ( 27...Qxe4 28.Qxe4 Bxe4 29.Nd6 Bxd6 30.Bxh5 $1 {[%c_effect h5;square;h5;type;GreatFind;persistent;true] with equality.} ) 28.gxf4 gxf5 {with good chances for Black, but the position remains very complicated.} ) 27.Qc1 h6 28.Be3 Nf6 29.f3 ( 29.Nh4 {is also possible.} 29...Qh7 30.f3 {Black's queen is in a funny position, but it's not a big deal.} ) 29...Nh5 ( 29...Nd7 $1 {[%c_effect d7;square;d7;type;GreatFind;persistent;true] is more accurate, preparing the maneuver to d4.} ) 30.Kh2 ( 30.g4 {is tempting, forcing the knight back.} 30...Nf6 ( 30...Nf4 $2 {[%c_effect f4;square;f4;type;Mistake;persistent;true] is bad:} 31.Bxf4 exf4 32.e5 {with a big advantage for White.} ) ) 30...Qf6 31.Rf1 Red8 {The big question is whether White will be able to place the knight on the ideal d5-square.} 32.Qd2 ( 32.Be2 {invites exchanges on the d-file, with an equal position.} ) 32...a3 33.b3 Rd7 34.Bg1 Rad8 35.Qe2 Re8 $2 {[%c_effect e8;square;e8;type;Mistake;persistent;true] After this Caruana places the knight on the dream square and Abdusattorov is never back in the game.} ( 35...g6 36.Ne3 Qe6 37.Nd5 f5 $1 {[%c_effect f5;square;f5;type;GreatFind;persistent;true] This is an interesting plan. Black gets counterplay on the kingside as compensation for the strong knight.} ) 36.Ne3 $1 g6 37.Nd5 Qd8 38.Be3 {[%c_highlight d5;keyPressed;none;opacity;0.8;square;d5;persistent;false] This is a positional tragedy for Black. If the knight is captured then White captures with the c-pawn and works on the c-file to capture Black's pawn on c5. Furthermore, the bishop gains the c4-square and it's possible to play on the kingside with the f4 break.} 38...Kh7 39.Qf2 Qa5 40.Bc2 Bc6 41.Rd2 Bxd5 42.cxd5 Bd6 43.Bd3 ( 43.Rg1 $1 {[%c_effect g1;square;g1;type;GreatFind;persistent;true] is more accurate, protecting the g3-pawn and thus preventing any attempt of counterplay with f7-f5.} ) 43...Rc7 ( 43...f5 $5 {[%c_effect f5;square;f5;type;Interesting;persistent;true] Black should try to create some play with this move. The pawn cannot be captured:} 44.exf5 $2 e4 {Attacking the bishop and the g3-pawn.} ) 44.Rc2 Nf6 45.Rfc1 Rec8 46.Qd2 {It's one-way traffic now.} 46...Bf8 47.Qe2 Ne8 48.f4 $1 {[%c_effect f4;square;f4;type;GreatFind;persistent;true] Black's position can no longer be sustained.} 48...Bg7 49.Qf2 Nd6 50.Rxc5 Rxc5 51.Rxc5 Qd8 52.Rxc8 Qxc8 53.Bc5 Qb8 54.Qd2 {The b4-pawn also falls.} 54...exf4 55.Qxf4 Bf8 56.e5 Nf5 57.Bxf8 Qxf8 58.Bxf5 gxf5 59.Qxf5+ Kg8 60.d6 Qd8 61.d7 Qb6 62.Qf6 1-0

[Event "Vugar Gashimov Memorial 2023"]
[Site "Chess.com"]
[Date "2023.12.08"]
[Round "2"]
[White "Rapport, Richard"]
[Black "Abbasov, Nijat"]
[Result "0-1"]
[WhiteElo "2735"]
[BlackElo "2554"]
[ECO "C24"]
[EventDate "2023.??.??"]
[Annotator "rafael"]
[PlyCount "84"]
[Beauty "7493665162263"]
[EventType "team-tourn"]
[TimeControl "600+10"]

1.e4 e5 2.Bc4 {The Bishop Opening is an interesting option for those who want to play the Italian and avoid the Petroff. Of course, with the absence of the black knight on c6, new possibilities appear.} 2...Nf6 3.d3 c6 4.Nf3 d5 5.Bb3 a5 6.a4 Bb4+ 7.c3 Bd6 8.exd5 cxd5 9.Bg5 Be6 10.Na3 {Of course, there are many possibilities for both sides in the previous moves, but so far we have well-known theoretical moves.} 10...h6 11.Bh4 {A question arises here: where should Black develop the knight: on d7 or c6 $2 It seems both moves are playable.} 11...Nbd7 ( 11...Nc6 12.Nb5 Bb8 13.O-O O-O 14.Re1 {with a roughly equal position.} ) 12.Nb5 Bb8 {One of Black's advantages with this formation is that the rook has a greater scope if it is developed on a6.} 13.d4 {Played quickly by Rapport. He clearly knew what he was doing.} ( 13.O-O {is also possible, when Black should castle as well.} 13...O-O ( 13...g5 $6 14.Bg3 Nh5 $2 {[%c_effect h5;square;h5;type;Mistake;persistent;true] This fails tactically:} 15.Bxe5 $1 Bxe5 16.Nxe5 Nxe5 17.Re1 $1 {[%c_effect e1;square;e1;type;GreatFind;persistent;true] An important detail that wins the game.} ( 17.Qxh5 $2 Bg4 {loses the queen.} ) ) ) 13...e4 14.Nd2 O-O {Black needs to look for improvement in the next moves, as he will be in an uncomfortable position in the game.} ( 14...Bf4 $5 ) ( 14...Ra6 $5 ) 15.Nf1 Re8 16.Ne3 g5 $6 ( 16...Nb6 {is better.} ) 17.Bg3 Bf4 $1 {[%c_effect f4;square;f4;type;GreatFind;persistent;true] A new move and the only way to justify the advance of the g-pawn.} ( 17...Nf8 $2 18.Bxb8 Qxb8 {was played in: Nagy-Slepov, Ceske Budejovice op 2021.} 19.h4 {with a clear advantage.} ) 18.Nd6 $1 {[%c_effect d6;square;d6;type;GreatFind;persistent;true] This forces Black to exchange the important dark-squared bishop.} 18...Bxd6 ( 18...Rf8 $2 19.Ndf5 {Black cannot allow the knight to reach this square.} ) 19.Bxd6 Nf8 20.Be5 $6 {[%c_effect e5;square;e5;type;Inaccuracy;persistent;true] Rapport plays in his typical creative style, but there are two solid moves that offer an advantage.} ( 20.Bxf8 $5 Rxf8 21.h4 g4 $1 {[%c_effect g4;square;g4;type;GreatFind;persistent;true] Otherwise, the h-file is opened, and White's attack is strong.} 22.g3 {with a better pawn structure for White.} ) ( 20.Bg3 {This is my favorite move. White will play h2-h4 next with the advantage.} ) 20...N6d7 $1 {[%c_effect d7;square;d7;type;GreatFind;persistent;true] It's necessary to challenge the powerful bishop.} 21.h4 {White has many alternatives.} ( 21.Bxd5 $6 Bxd5 22.Nxd5 Nxe5 23.dxe5 Rxe5 24.c4 {leads only to equality.} ) ( 21.Nxd5 $6 Bxd5 22.Bxd5 Nxe5 23.dxe5 Rxe5 24.Bxb7 Qxd1+ 25.Rxd1 Rb8 {with a good position for Black.} ) ( 21.Bd6 Ng6 {is not convincing.} ) ( 21.Qh5 {At first, I thought this move is very strong, but the computer shows the defense.} 21...Nxe5 22.dxe5 Ng6 $1 23.Qxh6 Nxe5 {with adequate counterplay.} ) ( 21.O-O {Maybe this is the best shot at an advantage, although Black has an acceptable position after} 21...Nxe5 22.dxe5 Ng6 23.Nxd5 Nxe5 24.Qd4 Bxd5 25.Bxd5 Nd3 26.g3 g4 $1 {[%c_effect g4;square;g4;type;GreatFind;persistent;true] Preventing f2-f3.} ) 21...Nxe5 22.dxe5 gxh4 ( 22...Ng6 {is also interesting:} 23.hxg5 Nxe5 {with counterplay.} ) 23.Qh5 {White could consider taking on d5:} ( 23.Bxd5 {is not dangerous:} 23...Bxd5 24.Qxd5 Qxd5 25.Nxd5 Rxe5 26.Nf4 $1 {[%c_effect f4;square;f4;type;GreatFind;persistent;true] with equality.} ( 26.O-O-O $6 Ng6 ) ) ( 23.Nxd5 Nd7 $1 {[%c_effect d7;square;d7;type;GreatFind;persistent;true] This is a difficult move.} ( 23...Bxd5 {is normal, but then White has a tiny advantage in the endgame after} 24.Qxd5 Qxd5 25.Bxd5 Rxe5 26.O-O-O Ng6 27.Bxb7 Rb8 28.Rd7 ) ( 23...Qg5 {is a creative try:} 24.Nf6+ Kh8 25.Nxe8 Qxg2 26.Rf1 Bh3 27.Bc4 Rxe8 {with a chaotic position.} ) 24.Qh5 Bxd5 ( 24...Qg5 {is also possible.} ) 25.Bxd5 Nxe5 26.O-O-O Qg5+ 27.Qxg5+ hxg5 28.Bxb7 Rab8 29.Bxe4 Ng4 30.Rd5 $1 Nxf2 ( 30...Rxe4 $2 {[%c_effect e4;square;e4;type;Mistake;persistent;true] loses to} 31.Rxg5+ Kf8 32.Rxh4 ) 31.Rxg5+ Kf8 32.Rxh4 Nxe4 33.Rxa5 {The endgame with three pawns against a knight is equal.} ) 23...Qg5 $1 24.Rxh4 $6 ( 24.Qxh4 {is simpler:} 24...d4 {This is Black's main tactical resource.} 25.Bxe6 dxe3 26.Bb3 {Now all roads lead to equality.} 26...Qxh4 ( 26...exf2+ 27.Qxf2 Re7 28.O-O Qxe5 29.Bxf7+ Kg7 ) ( 26...Rxe5 27.Qxg5+ Rxg5 28.fxe3 {with a likely draw.} ) 27.Rxh4 exf2+ 28.Kxf2 Rxe5 29.Rxh6 {with an equal endgame.} ) 24...Ng6 25.Rh2 $2 {[%c_effect h2;square;h2;type;Mistake;persistent;true] This is a losing move.} ( 25.Qxg5 $1 hxg5 26.Rh5 {This is similar to the game, but in a much-improved version for White.} 26...d4 $1 27.Bxe6 dxe3 28.Bf5 $1 exf2+ 29.Kxf2 Rxe5 ( 29...e3+ 30.Kg3 Rxe5 31.Rxg5 {with equality.} ) 30.Bxg6 fxg6 31.Rhh1 {with a draw.} ) 25...d4 $1 {[%c_effect d4;square;d4;type;GreatFind;persistent;true] Now White's position goes downhill. The rook is too passive on h2.} 26.Bxe6 dxe3 27.Qxg5 hxg5 28.Bf5 exf2+ 29.Kxf2 e3+ $1 {[%c_effect e3;square;e3;type;GreatFind;persistent;true] A fine detail.} 30.Kg3 ( 30.Kxe3 $2 Rxe5+ {loses the bishop.} ) 30...Nh4 $1 31.Bc2 Rad8 {Black has an overwhelming advantage.} 32.Rd1 e2 33.Re1 Rd2 34.Bb1 Rxb2 35.Kf2 Rxe5 {White's pawns fall like ripe fruit.} 36.g3 Nf5 37.Bd3 Ne3 38.Kf3 Nd5 39.Bxe2 Re3+ 40.Kg4 Nxc3 41.Bc4 Rxe1 42.Rxb2 Re4+ {The bishop is lost.} 0-1